 Dungeon Crawl Stone Soup version 0.19.0-19-g8c6edcc (webtiles) character file.

56 Cokeysmoke the Cudgeler (level 3, -2/24 HPs)
             Began as a Gargoyle Monk on Nov 13, 2016.
             Was a Believer of Okawaru.
             Killed from afar by Sigmund (6 damage)
             ... with a puff of flame
             ... on level 3 of the Dungeon.
             The game lasted 00:04:26 (1640 turns).

Cokeysmoke the Cudgeler (Gargoyle Monk)             Turns: 1640, Time: 00:04:27

Health: -2/24      AC:  8    Str: 14    XL:     3   Next: 97%
Magic:  0/3        EV: 11    Int: 10    God:    Okawaru [**....]
Gold:   109        SH:  0    Dex: 13    Spells: 0 memorised, 2 levels left

rFire  . . .     SeeInvis .     a - +1 mace
rCold  . . .     Gourm    .     f - +0 ring mail
rNeg   + . .     Faith    .     (no shield)
rPois  ∞         Spirit   +     (no helmet)
rElec  +         Reflect  .     (no cloak)
rCorr  .         Harm     .     (no gloves)
MR     .....                    (no boots)
Stlth  +.........               i - amulet of guardian spirit
                                (no ring)
                                (no ring)

@: no status effects
A: negative energy resistance 1, electricity resistance, unbreathing,
petrification resistance, rot immunity, AC +3
a: Heroism, Renounce Religion


You were on level 3 of the Dungeon.
You worshipped Okawaru.
Okawaru was pleased with you.
You were hungry.

You visited 1 branch of the dungeon, and saw 3 of its levels.

You collected 109 gold pieces.

Inventory:

Hand Weapons
 a - a +1 mace (weapon)
Missiles
 k - 6 curare-tipped needles
Armour
 b - a +0 robe
 f - a +0 ring mail (worn)
Jewellery
 i - an amulet of guardian spirit (around neck)
Scrolls
 e - a scroll of teleportation
 l - a scroll of magic mapping
Potions
 j - a potion of cure mutation
Comestibles
 c - a bread ration
 g - a beef jerky
 h - 3 chunks of flesh


   Skills:
 + Level 3.7 Fighting
 * Level 3.9 Maces & Flails
 - Level 2.0 Armour
 - Level 2.4 Dodging
 - Level 2.1 Stealth


You had 2 spell levels left.
You didn't know any spells.

Dungeon Overview and Level Annotations

Branches:
Dungeon (3/15)

Altars:
Hepliaklqana
Okawaru
Ru
Yredelemnul

Annotations:
D:3 Sigmund


Innate Abilities, Weirdness & Mutations

You are resistant to torment.
Your stone body is resilient. (AC +3)
You are immune to poison.
You resist negative energy. (rN+)
You are resistant to electric shocks. (rElec)
You can survive without breathing.
You are immune to petrification.
You are immune to rotting.


Message History

Sigmund is heavily wounded.
Sigmund hits you with a scythe!
You thump Sigmund!
Sigmund is almost dead.
Sigmund gestures wildly while chanting.
Sigmund flickers and vanishes!
Deactivating autopickup; reactivate with Ctrl-A.
No target in view!
No target in view!
You barely miss something.
You hear some strange, mumbled words.
Something tries to affect you, but you resist.
You completely miss something. Something hits you but does no damage.
You closely miss something. Something hits you!
* * * LOW HITPOINT WARNING * * *
You closely miss something.
You hear some strange, mumbled words.
A puff of flame appears from out of thin air!
The puff of flame hits you!
You die...

*,* *,* *,* *,* *,* *,*
***** *,#######
*,,,****##.#.....#
*,*,,,,,.......@.########
**,,,****........{.......#
,**,** *#........######.#
,**,* #........#
####.##### ,,,,*
##.####### #........#
,**** #,* #.##.###.# ,*
##+## #.##.# #.# ,*
##...## #.#..# #.# ,**
##.....## #.#.## #.#


There were no monsters in sight!

Vanquished Creatures
  An ooze (D:2)
  A worm (D:3)
  2 dart slugs (D:2)
  A leopard gecko (D:2)
  4 giant cockroaches
  4 goblins
  4 hobgoblins
  7 jackals
  2 quokkas
  4 bats
  2 frilled lizards (D:1)
  4 kobolds
  3 rats
39 creatures vanquished.

Notes
Turn   | Place    | Note
-------+----------+-------------------------------------------
     0 | D:1      | Cokeysmoke the Gargoyle Monk began the quest for the Orb.
     0 | D:1      | Reached XP level 1. HP: 14/14 MP: 1/1
   252 | D:1      | Reached XP level 2. HP: 19/19 MP: 2/2
   856 | D:2      | Reached skill level 1 in Armour
   869 | D:2      | Found a hazy altar of Hepliaklqana.
   869 | D:2      | Found a basalt altar of Yredelemnul.
   896 | D:2      | Reached XP level 3. HP: 23/23 MP: 3/3
   916 | D:2      | Found an iron altar of Okawaru.
   985 | D:2      | Became a worshipper of Warmaster Okawaru
   985 | D:2      | Reached * piety under Okawaru
   985 | D:2      | Reached ** piety under Okawaru
  1266 | D:2      | Found a sacrificial altar of Ru.
  1606 | D:3      | Noticed Sigmund
  1640 | D:3      | Killed from afar by Sigmund

Skill      XL: |  1  2  3 |
---------------+----------+-----
Armour         | 1 2 |  2.0
Fighting       | |  3.7
Maces & Flails | |  3.9
Dodging        | |  2.4
Stealth        | |  2.1

Action                   || total
-------------------------++-------
Melee: Mace              ||   151
  Use: Scroll            ||     5
       Potion            ||     2
  Eat: Chunk             ||     2
Armor: Robe              ||     6
       Ring mail         ||    76
Dodge: Dodged            ||   142
